WCHLSIM.com - West Coast Hockey League
html PUBLIC "-//W3C//DTD XHTML 1.0 Transitional//EN" "http://www.w3.org/TR/xhtml1/DTD/xhtml1-transitional.dtd"> WCHL - Game 606 - PHOENIX MUSTANGS vs PORTLAND PIRATES

PHOENIX MUSTANGS vs PORTLAND PIRATES

Created - 7 janvier 2024 at 21:18

Goals
1 2 3 T
PHOENIX MUSTANGS 2 0 0 2
PORTLAND PIRATES 2 1 0 3
Shots
1 2 3 T
PHOENIX MUSTANGS 5 9 18 32
PORTLAND PIRATES 11 18 9 38

1st period

1. PHOENIX MUSTANGS , Jordan Martinook 7 (Andrew Copp 14) at 4:05 (PP)
2. PHOENIX MUSTANGS , Jordan Eberle 15 (Jordan Martinook 10, Andrew Copp 15) at 6:49 (PP)
3. PORTLAND PIRATES , Brian Dumoulin 3 (Yanni Gourde 19, Chandler Stephenson 20) at 16:35
4. PORTLAND PIRATES , Mika Zibanejad 22 (Travis Konecny 23, Brian Dumoulin 7) at 19:33

Penalties :
Samuel Blais (POR) for Holding (Minor) at 3:05, Travis Hamonic (POR) for Interference (Minor) at 6:27, Nick Holden (POR) for Roughing (Minor) at 13:09

2nd period

5. PORTLAND PIRATES , Samuel Blais 1 (Nathan Bastian 3, Brian Dumoulin 8) at 18:08

Penalties :
Radko Gudas (PHX) for Hooking (Minor) at 6:16, Torey Krug (PHX) for Hooking (Minor) at 11:19, Yanni Gourde (POR) for Hooking (Minor) at 18:54

3rd period

No Goal

Penalties :
Yanni Gourde (POR) for Hooking (Minor) at 2:23, Travis Konecny (POR) for High sticking (Minor) at 10:16, Robert Thomas (POR) for Boarding (Minor) at 16:45

Goalie Stats

Jake Allen (PHX), 35 saves from 38 shots - (0,921), L, 10-14-0, 60:00 minutes
Martin Jones (POR), 30 saves from 32 shots - (0,938), W, 23-13-1, 60:00 minutes

Players Stats for PHOENIX MUSTANGS

Player Name              G  A  P  +/- PIM S  H  SB GA TA FO     MP     PP MP  PK MP  
------------------------------------------------------------------------------------
Alex Killorn             0  0  0  -3  0   3  3  1  0  0  0/0    19:51   5:37   0:00 
Andrew Copp              0  2  2  -3  0   1  1  0  0  0  16/26  20:03   4:58   1:09 
Connor Clifton           0  0  0  -2  0   1  2  1  0  0  0/0    16:21   5:21   1:02 
Craig Smith              0  0  0   0  0   0  0  0  0  0  0/0     4:17   0:00   0:00 
Erik Karlsson            0  0  0  -1  0   2  1  1  0  0  0/0    26:14   5:56   2:22 
Ilya Lyubushkin          0  0  0  -2  0   2  0  1  0  0  0/0    13:27   0:29   2:38 
Jeff Petry               0  0  0   0  0   2  0  4  0  0  0/0    23:44   5:21   1:36 
Jesper Fast              0  0  0   0  0   1  0  0  0  0  0/0    12:54   0:10   0:00 
Joel Armia               0  0  0   0  0   1  0  0  0  0  0/0     4:17   0:00   0:00 
Jonathan Miller          0  0  0   0  0   4  0  0  0  0  19/34  22:56   6:19   2:49 
Jordan Eberle            1  0  1  -3  0   6  1  2  0  0  0/0    18:44   4:48   0:00 
Jordan Martinook         1  1  2   0  0   1  1  0  0  0  0/1    17:53   4:23   0:00 
Juuso Parssinen          0  0  0   0  0   1  1  0  0  0  0/2    14:01   1:17   0:00 
Nic Dowd                 0  0  0   0  0   3  3  0  0  0  9/17   13:53   0:00   1:09 
Radko Gudas              0  0  0   0  2   0  3  1  0  0  0/0    16:18   0:00   0:18 
Sam Reinhart             0  0  0   0  0   2  0  0  0  0  0/1    22:56   6:19   2:49 
Torey Krug               0  0  0  -1  2   1  1  0  0  0  0/0    23:54   5:27   0:00 
Tyson Jost               0  0  0   0  0   1  0  0  0  0  0/7     4:17   0:00   0:00 

Players Stats for PORTLAND PIRATES

Player Name              G  A  P  +/- PIM S  H  SB GA TA FO     MP     PP MP  PK MP  
------------------------------------------------------------------------------------
Alec Martinez            0  0  0   0  0   0  0  1  0  0  0/0    16:01   2:07   0:22 
Brett Pesce              0  0  0   0  0   5  0  0  0  0  0/0    22:39   0:00   6:08 
Brian Dumoulin           1  2  3   3  0   1  0  1  0  0  0/0    20:21   0:00   5:00 
Chandler Stephenson      0  1  1   1  0   6  0  0  0  0  13/24  16:41   2:13   0:00 
Marc Staal               0  0  0   3  0   0  1  2  0  0  0/0    22:50   1:51   6:17 
Michael Amadio           0  0  0   0  0   1  0  0  0  0  0/1    13:12   0:00   3:10 
Michael McLeod           0  0  0   0  0   2  0  0  0  0  12/25  18:09   0:00   8:07 
Mika Zibanejad           1  0  1   1  0   3  0  0  0  0  11/19  17:44   1:45   0:00 
Nathan Bastian           0  1  1   1  0   0  1  1  0  0  0/2    12:23   0:00   8:07 
Nick Holden              0  0  0   0  2   1  1  1  0  0  0/0    15:38   2:07   0:00 
Pavel Zacha              0  0  0   1  0   2  0  0  0  0  2/2    17:50   1:51   0:00 
Robert Thomas            0  0  0   1  2   4  0  0  0  0  2/2    16:05   1:45   0:00 
Ryan Donato              0  0  0   1  0   0  0  0  0  0  0/5     4:16   0:00   0:00 
Samuel Blais             1  0  1   1  2   2  5  0  0  0  2/4     5:03   0:00   0:48 
Travis Hamonic           0  0  0   0  2   1  1  0  0  0  0/0    22:29   1:51   4:47 
Travis Konecny           0  1  1   1  2   4  2  0  0  0  0/0    17:43   1:45   0:00 
William Carrier          0  0  0   0  0   2  1  0  0  0  0/0    10:31   0:22   0:00 
Yanni Gourde             0  1  1   1  4   4  3  0  0  0  2/4    19:01   2:13   2:22 

3 Stars

1 - Brian Dumoulin (POR)
2 - Samuel Blais (POR)
3 - Jordan Martinook (PHX)

Power Play

PHOENIX MUSTANGS - 2 on 7 Attempt(s) - 28,57%
PORTLAND PIRATES - 0 on 2 Attempt(s) - 0,00%

Penalty Kill

PHOENIX MUSTANGS - 2 on 2 Attempt(s) - 100,00% - Score 0 goal in Penalty Kill
PORTLAND PIRATES - 5 on 7 Attempt(s) - 71,43% - Score 0 goal in Penalty Kill

Team Stat

PHOENIX MUSTANGS - Hits : 17 - Faceoff Wins : 44 - Blocked Shots : 11 - Penalty Minutes : 4
PORTLAND PIRATES - Hits : 15 - Faceoff Wins : 44 - Blocked Shots : 6 - Penalty Minutes : 14

Official

Referees : Chris Rooney and Kelly Sutherland
Linesman : Steve Barton and Brandon Gawryletz

Game Notes

No Game Note

Finance

Level 1 -- Attendance: 8718 (87,18%) -- Ticket Income 1 298 982 $
Level 2 -- Attendance: 7000 (87,50%) -- Ticket Income 763 000 $
Level 3 -- Attendance: 2679 (89,30%) -- Ticket Income 265 221 $
Level 4 -- Attendance: 2500 (100,00%) -- Ticket Income 222 500 $
Luxury Box -- Attendance: 1362 (90,80%) -- Ticket Income 393 618 $
Total Attendance: 22259 (89,04%)
Total Ticket Income: 2 943 321 $
Other Expense: 29 433 $
Total Income: 2 913 888 $

PHOENIX MUSTANGS

5 vs 5 Forward 
   Center                   Left Wing                Right Wing               Time % Phy DF OF 
 1 Jonathan Miller          Jordan Martinook         Sam Reinhart             34     1   2  2  
 2 Andrew Copp              Alex Killorn             Jordan Eberle            33     1   2  2  
 3 Nic Dowd                 Juuso Parssinen          Jesper Fast              25     1   2  2  
 4 Tyson Jost               Craig Smith              Joel Armia               8      1   2  2  

5 vs 5 Defense 
   Defense                  Defense                                           Time % Phy DF OF 
 1 Erik Karlsson            Torey Krug                                        42     1   2  2  
 2 Radko Gudas              Jeff Petry                                        35     1   2  2  
 3 Connor Clifton           Ilya Lyubushkin                                   23     1   2  2  
 4 Jeff Petry               Torey Krug                                        0      1   2  2  

PowerPlay Forward 
   Center                   Left Wing                Right Wing               Time % Phy DF OF 
 1 Jonathan Miller          Alex Killorn             Sam Reinhart             55     1   2  2  
 2 Andrew Copp              Jordan Martinook         Jordan Eberle            45     1   2  2  

PowerPlay Defense
   Defense                  Defense                                           Time % Phy DF OF 
 1 Erik Karlsson            Torey Krug                                        60     1   2  2  
 2 Connor Clifton           Jeff Petry                                        40     1   2  2  

Penalty Kill 4 Players Forward 
   Center                   Wing                     Time % Phy DF OF 
 1 Jonathan Miller          Sam Reinhart             55     1   2  2  
 2 Nic Dowd                 Andrew Copp              45     1   2  2  

Penalty Kill 4 Players Defense
   Defense                  Defense                  Time % Phy DF OF 
 1 Jeff Petry               Radko Gudas              60     1   2  2  
 2 Ilya Lyubushkin          Erik Karlsson            40     1   2  2  

Penalty Kill - 3 Players Forward 
   Forward                                           Time % Phy DF OF 
 1 Andrew Copp                                       50     1   2  2  
 2 Nic Dowd                                          50     1   2  2  

Penalty Kill - 3 Players Defense
   Defense                  Defense                  Time % Phy DF OF 
 1 Jeff Petry               Erik Karlsson            55     1   2  2  
 2 Radko Gudas              Ilya Lyubushkin          45     1   2  2  

4 vs 4 Forward 
   Center                   Wing                     Time % Phy DF OF 
 1 Jonathan Miller          Sam Reinhart             55     1   2  2  
 2 Alex Killorn             Jordan Eberle            45     1   2  2  

4 vs 4 Defense
   Defense                  Defense                  Time % Phy DF OF 
 1 Jeff Petry               Torey Krug               60     1   2  2  
 2 Radko Gudas              Erik Karlsson            40     1   2  2  

Last Minutes Offensive
   Center                   Left Wing                Right Wing               Defense                  Defense                  
   Jonathan Miller          Alex Killorn             Sam Reinhart             Jeff Petry               Erik Karlsson            

Last Minutes Defensive
   Center                   Left Wing                Right Wing               Defense                  Defense                  
   Jonathan Miller          Andrew Copp              Sam Reinhart             Jeff Petry               Erik Karlsson            

Goaltenders
Starting : Jake Allen               
Backup : Petr Mrazek              

Extra Forwards
Normal : Jonathan Miller, Jordan Eberle, Sam Reinhart - PP : Alex Killorn, Jonathan Miller - PK : Nic Dowd
Extra Defensemen
Normal : Connor Clifton, Ilya Lyubushkin, Radko Gudas - PP : Connor Clifton - PK : Ilya Lyubushkin, Radko Gudas
Penalty Shots
Jonathan Miller, Sam Reinhart, Erik Karlsson, Alex Killorn, Jordan Eberle
Custom OT Lines Forwards
Jonathan Miller, Sam Reinhart, Alex Killorn, Jordan Eberle, Andrew Copp, Jordan Martinook, Jesper Fast, Nic Dowd, Joel Armia, Juuso Parssinen
Custom OT Lines Defensemen
Erik Karlsson, Jeff Petry, Torey Krug, Connor Clifton, Radko Gudas

Scratches
Alex Barre-Boulet (Healthy), Joel Edmundson (Left Hand Injury), Rasmus Asplund (Healthy)

PORTLAND PIRATES

5 vs 5 Forward 
   Center                   Left Wing                Right Wing               Time % Phy DF OF 
 1 Mika Zibanejad           Pavel Zacha              Travis Konecny           33     0   2  3  
 2 Chandler Stephenson      Yanni Gourde             Robert Thomas            33     0   2  3  
 3 Michael McLeod           William Carrier          Michael Amadio           24     0   3  2  
 4 Ryan Donato              Samuel Blais             Nathan Bastian           10     0   3  2  

5 vs 5 Defense 
   Defense                  Defense                                           Time % Phy DF OF 
 1 Brett Pesce              Travis Hamonic                                    34     0   4  1  
 2 Brian Dumoulin           Marc Staal                                        34     0   4  1  
 3 Alec Martinez            Nick Holden                                       22     0   4  1  
 4 Alec Martinez            Nick Holden                                       10     0   4  1  

PowerPlay Forward 
   Center                   Left Wing                Right Wing               Time % Phy DF OF 
 1 Mika Zibanejad           Travis Konecny           Robert Thomas            60     0   0  5  
 2 Chandler Stephenson      Pavel Zacha              Yanni Gourde             40     0   0  5  

PowerPlay Defense
   Defense                  Defense                                           Time % Phy DF OF 
 1 Alec Martinez            Nick Holden                                       60     0   1  4  
 2 Marc Staal               Travis Hamonic                                    40     0   1  4  

Penalty Kill 4 Players Forward 
   Center                   Wing                     Time % Phy DF OF 
 1 Michael McLeod           Nathan Bastian           60     0   5  0  
 2 Yanni Gourde             Michael Amadio           40     0   5  0  

Penalty Kill 4 Players Defense
   Defense                  Defense                  Time % Phy DF OF 
 1 Brett Pesce              Marc Staal               60     0   5  0  
 2 Brian Dumoulin           Travis Hamonic           40     0   5  0  

Penalty Kill - 3 Players Forward 
   Forward                                           Time % Phy DF OF 
 1 Michael McLeod                                    55     0   5  0  
 2 Chandler Stephenson                               45     0   5  0  

Penalty Kill - 3 Players Defense
   Defense                  Defense                  Time % Phy DF OF 
 1 Brian Dumoulin           Travis Hamonic           55     0   5  0  
 2 Brett Pesce              Alec Martinez            45     0   5  0  

4 vs 4 Forward 
   Center                   Wing                     Time % Phy DF OF 
 1 Mika Zibanejad           Travis Konecny           55     0   1  4  
 2 Chandler Stephenson      Robert Thomas            45     0   1  4  

4 vs 4 Defense
   Defense                  Defense                  Time % Phy DF OF 
 1 Alec Martinez            Nick Holden              55     0   2  3  
 2 Marc Staal               Travis Hamonic           45     0   2  3  

Last Minutes Offensive
   Center                   Left Wing                Right Wing               Defense                  Defense                  
   Mika Zibanejad           Travis Konecny           Robert Thomas            Brian Dumoulin           Brett Pesce              

Last Minutes Defensive
   Center                   Left Wing                Right Wing               Defense                  Defense                  
   Michael McLeod           Chandler Stephenson      Yanni Gourde             Brian Dumoulin           Brett Pesce              

Goaltenders
Starting : Martin Jones             
Backup : Cameron Talbot           

Extra Forwards
Normal : William Carrier, Michael McLeod, Michael Amadio - PP : William Carrier, Michael Amadio - PK : Samuel Blais
Extra Defensemen
Normal : Alec Martinez, Marc Staal, Travis Hamonic - PP : Brett Pesce - PK : Alec Martinez, Nick Holden
Penalty Shots
Mika Zibanejad, Travis Konecny, Robert Thomas, Chandler Stephenson, Pavel Zacha
Custom OT Lines Forwards
Mika Zibanejad, Robert Thomas, Travis Konecny, Chandler Stephenson, Yanni Gourde, Pavel Zacha, William Carrier, Michael McLeod, Michael Amadio, Samuel Blais
Custom OT Lines Defensemen
Brett Pesce, Brian Dumoulin, Travis Hamonic, Marc Staal, Nick Holden

Scratches
Ryan McLeod (Left Hip Injury), Thomas Chabot (Left Hip Injury), Sam Steel (Back Spasms Injury)

% Time on Ice - PHOENIX MUSTANGS

Lines # - Real PCT - Wanted PCT - Time Play
Normal Forward
1 - 30% - 34% - 13:30
2 - 31% - 33% - 13:56
3 - 29% - 25% - 12:44
4 - 10% - 8% - 4:17
Normal Defense
1 - 40% - 42% - 17:56
2 - 36% - 35% - 16:01
3 - 22% - 23% - 9:58
4 - 1% - 0% - 0:32
PP Forward
1 - 56% - 55% - 6:19
2 - 44% - 45% - 4:58
PP Defense
1 - 53% - 60% - 5:56
2 - 47% - 40% - 5:21
PK Forward
1 - 71% - 55% - 2:49
2 - 29% - 45% - 1:09
PK Defense
1 - 40% - 60% - 1:36
2 - 60% - 40% - 2:22
PK3 Forward
1 - 0% - 50%
2 - 0% - 50%
PK3 Defense
1 - 0% - 55%
2 - 0% - 45%
44 Forward
1 - 0% - 55%
2 - 0% - 45%
44 Defense
1 - 0% - 60%
2 - 0% - 40%
Last Minute Offensive  - 0:18
Last Minute Defensive  - 0:00
Total
Forward - 60:00
Defense - 60:00

% Time on Ice - PORTLAND PIRATES

Lines # - Real PCT - Wanted PCT - Time Play
Normal Forward
1 - 36% - 33% - 15:59
2 - 32% - 33% - 14:21
3 - 22% - 24% - 10:02
4 - 10% - 10% - 4:16
Normal Defense
1 - 36% - 34% - 15:52
2 - 34% - 34% - 15:14
3 - 24% - 22% - 10:42
4 - 6% - 10% - 2:50
PP Forward
1 - 44% - 60% - 1:45
2 - 56% - 40% - 2:13
PP Defense
1 - 53% - 60% - 2:07
2 - 47% - 40% - 1:51
PK Forward
1 - 72% - 60% - 8:07
2 - 28% - 40% - 3:10
PK Defense
1 - 56% - 60% - 6:17
2 - 44% - 40% - 5:00
PK3 Forward
1 - 0% - 55%
2 - 0% - 45%
PK3 Defense
1 - 0% - 55%
2 - 0% - 45%
44 Forward
1 - 0% - 55%
2 - 0% - 45%
44 Defense
1 - 0% - 55%
2 - 0% - 45%
Last Minute Offensive  - 0:00
Last Minute Defensive  - 0:07
Total
Forward - 60:00
Defense - 60:00

Play-by-Play

1st period


0:01 of 1st period - Mika Zibanejad wins face-off versus Jonathan Miller in neutral zone.
0:04 of 1st period - Shot by Travis Konecny.
0:04 of 1st period - Shot Misses the Net.
0:07 of 1st period - Icing by Erik Karlsson.
0:08 of 1st period - Jonathan Miller wins face-off versus Chandler Stephenson in PHOENIX MUSTANGS zone.
1:08 of 1st period - Chandler Stephenson is hit by Andrew Copp and loses puck.
2:25 of 1st period - Shot by Mika Zibanejad.
2:25 of 1st period - Shot Misses the Net.
2:27 of 1st period - Shot by Brett Pesce.
2:27 of 1st period - Stopped by Jake Allen with a rebound.
2:29 of 1st period - Shot by Travis Konecny.
2:29 of 1st period - Shot Blocked by Jordan Eberle.
2:48 of 1st period - Off-side.
2:49 of 1st period - Nic Dowd wins face-off versus Samuel Blais in neutral zone.
2:59 of 1st period - Icing by Nathan Bastian.
3:00 of 1st period - Samuel Blais wins face-off versus Tyson Jost in PORTLAND PIRATES zone.
3:05 of 1st period - Minor Penalty to Samuel Blais for Holding.
3:06 of 1st period - Michael McLeod wins face-off versus Jonathan Miller in PORTLAND PIRATES zone.
3:25 of 1st period - Shot by Erik Karlsson.
3:25 of 1st period - Shot Blocked by Nathan Bastian.
3:27 of 1st period - Shot by Jonathan Miller.
3:27 of 1st period - Deflect By Sam Reinhart.
3:27 of 1st period - Shot Misses the Net.
4:05 of 1st period - Shot by Jordan Martinook.
4:05 of 1st period - Goal by Jordan Martinook - PHOENIX MUSTANGS : 1 - PORTLAND PIRATES : 0.
4:06 of 1st period - Pavel Zacha wins face-off versus Tyson Jost in neutral zone.
4:22 of 1st period - Mika Zibanejad is hit by Connor Clifton.
4:45 of 1st period - Shot by Pavel Zacha.
4:45 of 1st period - Shot Misses the Net.
4:57 of 1st period - Icing by Ilya Lyubushkin.
4:58 of 1st period - Michael McLeod wins face-off versus Tyson Jost in PHOENIX MUSTANGS zone.
5:09 of 1st period - Shot by Michael McLeod.
5:09 of 1st period - Stopped by Jake Allen without a rebound.
5:10 of 1st period - Nic Dowd wins face-off versus Ryan Donato in PHOENIX MUSTANGS zone.
5:10 of 1st period - Nic Dowd is hit by Samuel Blais.
5:23 of 1st period - Erik Karlsson is hit by Samuel Blais and loses puck.
5:38 of 1st period - Shot by Nathan Bastian.
5:38 of 1st period - Shot Misses the Net.
6:08 of 1st period - Off-side.
6:09 of 1st period - Chandler Stephenson wins face-off versus Jonathan Miller in neutral zone.
6:14 of 1st period - Shot by Robert Thomas.
6:14 of 1st period - Stopped by Jake Allen without a rebound.
6:15 of 1st period - Michael McLeod wins face-off versus Jonathan Miller in PHOENIX MUSTANGS zone.
6:26 of 1st period - Icing by Brett Pesce.
6:27 of 1st period - Andrew Copp wins face-off versus Michael McLeod in PORTLAND PIRATES zone.
6:27 of 1st period - Minor Penalty to Travis Hamonic for Interference.
6:28 of 1st period - Andrew Copp wins face-off versus Michael McLeod in PORTLAND PIRATES zone.
6:49 of 1st period - Shot by Jordan Eberle.
6:49 of 1st period - Goal by Jordan Eberle - PHOENIX MUSTANGS : 2 - PORTLAND PIRATES : 0.
6:50 of 1st period - Chandler Stephenson wins face-off versus Nic Dowd in neutral zone.
8:06 of 1st period - Shot by Sam Reinhart.
8:06 of 1st period - Shot Misses the Net.
8:35 of 1st period - Off-side.
8:36 of 1st period - Mika Zibanejad wins face-off versus Andrew Copp in neutral zone.
9:17 of 1st period - Shot by Travis Konecny.
9:17 of 1st period - Stopped by Jake Allen with a rebound.
9:37 of 1st period - Shot by Chandler Stephenson.
9:37 of 1st period - Shot Misses the Net.
9:39 of 1st period - Shot by Nick Holden.
9:39 of 1st period - Shot Blocked by Connor Clifton.
9:41 of 1st period - Shot by Chandler Stephenson.
9:41 of 1st period - Stopped by Jake Allen without a rebound.
9:42 of 1st period - Samuel Blais wins face-off versus Jonathan Miller in PHOENIX MUSTANGS zone.
10:11 of 1st period - Shot by Sam Reinhart.
10:11 of 1st period - Stopped by Martin Jones without a rebound.
10:12 of 1st period - Nic Dowd wins face-off versus Michael Amadio in PORTLAND PIRATES zone.
10:33 of 1st period - Shot by Juuso Parssinen.
10:33 of 1st period - Shot Misses the Net.
11:36 of 1st period - Icing by Torey Krug.
11:37 of 1st period - Chandler Stephenson wins face-off versus Nic Dowd in PHOENIX MUSTANGS zone.
12:59 of 1st period - Sam Reinhart is hit by Nick Holden and loses puck.
13:09 of 1st period - Minor Penalty to Nick Holden for Roughing.
13:10 of 1st period - Andrew Copp wins face-off versus Nathan Bastian in PORTLAND PIRATES zone.
13:11 of 1st period - Shot by Jeff Petry.
13:11 of 1st period - Stopped by Martin Jones with a rebound.
13:17 of 1st period - Shot by Andrew Copp.
13:17 of 1st period - Shot Misses the Net.
13:35 of 1st period - Shot by Jordan Eberle.
13:35 of 1st period - Stopped by Martin Jones without a rebound.
13:36 of 1st period - Jonathan Miller wins face-off versus Michael McLeod in PORTLAND PIRATES zone.
14:52 of 1st period - Icing by Ilya Lyubushkin.
14:53 of 1st period - Yanni Gourde wins face-off versus Andrew Copp in PHOENIX MUSTANGS zone.
15:12 of 1st period - Shot by Yanni Gourde.
15:12 of 1st period - Stopped by Jake Allen without a rebound.
15:13 of 1st period - Mika Zibanejad wins face-off versus Tyson Jost in PHOENIX MUSTANGS zone.
15:25 of 1st period - Travis Konecny is hit by Torey Krug and loses puck.
16:33 of 1st period - Shot by Yanni Gourde.
16:33 of 1st period - Stopped by Jake Allen with a rebound.
16:35 of 1st period - Shot by Brian Dumoulin.
16:35 of 1st period - Goal by Brian Dumoulin - PHOENIX MUSTANGS : 2 - PORTLAND PIRATES : 1.
16:36 of 1st period - Michael McLeod wins face-off versus Jonathan Miller in neutral zone.
16:49 of 1st period - Shot by William Carrier.
16:49 of 1st period - Stopped by Jake Allen without a rebound.
16:50 of 1st period - Nic Dowd wins face-off versus Ryan Donato in PHOENIX MUSTANGS zone.
16:50 of 1st period - Nic Dowd is hit by Nathan Bastian.
17:11 of 1st period - Nathan Bastian is hit by Nic Dowd and loses puck.
17:58 of 1st period - Off-side.
17:59 of 1st period - Chandler Stephenson wins face-off versus Andrew Copp in neutral zone.
18:06 of 1st period - Off-side.
18:07 of 1st period - Jonathan Miller wins face-off versus Chandler Stephenson in neutral zone.
18:14 of 1st period - Shot by Jonathan Miller.
18:14 of 1st period - Shot Misses the Net.
19:31 of 1st period - Shot by Mika Zibanejad.
19:31 of 1st period - Shot Misses the Net.
19:33 of 1st period - Shot by Mika Zibanejad.
19:33 of 1st period - Goal by Mika Zibanejad - PHOENIX MUSTANGS : 2 - PORTLAND PIRATES : 2.
19:34 of 1st period - Michael McLeod wins face-off versus Tyson Jost in neutral zone.
19:53 of 1st period - Shot by Michael Amadio.
19:53 of 1st period - Stopped by Jake Allen with a rebound.
Goals for this period are 2 for PHOENIX MUSTANGS vs 2 for PORTLAND PIRATES.
Shots for this period are 5 for PHOENIX MUSTANGS vs 11 for PORTLAND PIRATES.

2nd period


0:01 of 2nd period - Mika Zibanejad wins face-off versus Jonathan Miller in neutral zone.
0:12 of 2nd period - Shot by Pavel Zacha.
0:12 of 2nd period - Stopped by Jake Allen without a rebound.
0:13 of 2nd period - Michael McLeod wins face-off versus Andrew Copp in PHOENIX MUSTANGS zone.
0:17 of 2nd period - Icing by Andrew Copp.
0:18 of 2nd period - Andrew Copp wins face-off versus Mika Zibanejad in PHOENIX MUSTANGS zone.
0:39 of 2nd period - Shot by Andrew Copp.
0:39 of 2nd period - Shot Blocked by Marc Staal.
1:12 of 2nd period - Off-side.
1:13 of 2nd period - Jonathan Miller wins face-off versus Chandler Stephenson in neutral zone.
1:40 of 2nd period - Shot by Sam Reinhart.
1:40 of 2nd period - Stopped by Martin Jones without a rebound.
1:41 of 2nd period - Michael McLeod wins face-off versus Nic Dowd in PORTLAND PIRATES zone.
1:41 of 2nd period - Michael McLeod is hit by Nic Dowd.
1:49 of 2nd period - Shot by William Carrier.
1:49 of 2nd period - Stopped by Jake Allen without a rebound.
1:50 of 2nd period - Andrew Copp wins face-off versus Ryan Donato in PHOENIX MUSTANGS zone.
1:50 of 2nd period - Andrew Copp is hit by Samuel Blais.
1:53 of 2nd period - Alex Killorn is hit by Samuel Blais and loses puck.
2:43 of 2nd period - Shot by Travis Hamonic.
2:43 of 2nd period - Stopped by Jake Allen without a rebound.
2:44 of 2nd period - Chandler Stephenson wins face-off versus Jordan Martinook in PHOENIX MUSTANGS zone.
2:47 of 2nd period - Shot by Robert Thomas.
2:47 of 2nd period - Shot Misses the Net.
2:49 of 2nd period - Shot by Chandler Stephenson.
2:49 of 2nd period - Shot Blocked by Radko Gudas.
2:51 of 2nd period - Shot by Yanni Gourde.
2:51 of 2nd period - Stopped by Jake Allen without a rebound.
2:52 of 2nd period - Jonathan Miller wins face-off versus Michael McLeod in PHOENIX MUSTANGS zone.
3:12 of 2nd period - Shot by Michael Amadio.
3:12 of 2nd period - Shot Misses the Net.
3:14 of 2nd period - Shot by Brett Pesce.
3:14 of 2nd period - Stopped by Jake Allen without a rebound.
3:15 of 2nd period - Chandler Stephenson wins face-off versus Juuso Parssinen in PHOENIX MUSTANGS zone.
3:47 of 2nd period - Shot by Yanni Gourde.
3:47 of 2nd period - Stopped by Jake Allen without a rebound.
3:48 of 2nd period - Mika Zibanejad wins face-off versus Jonathan Miller in PHOENIX MUSTANGS zone.
3:51 of 2nd period - Shot by Travis Konecny.
3:51 of 2nd period - Stopped by Jake Allen with a rebound.
3:53 of 2nd period - Shot by Brett Pesce.
3:53 of 2nd period - Stopped by Jake Allen without a rebound.
3:54 of 2nd period - Mika Zibanejad wins face-off versus Jonathan Miller in PHOENIX MUSTANGS zone.
5:18 of 2nd period - Icing by Travis Konecny.
5:19 of 2nd period - Nic Dowd wins face-off versus Mika Zibanejad in PORTLAND PIRATES zone.
5:24 of 2nd period - Shot by Nic Dowd.
5:24 of 2nd period - Stopped by Martin Jones with a rebound.
5:52 of 2nd period - Shot by Robert Thomas.
5:52 of 2nd period - Shot Blocked by Ilya Lyubushkin.
5:56 of 2nd period - Shot by Chandler Stephenson.
5:56 of 2nd period - Stopped by Jake Allen without a rebound.
5:57 of 2nd period - Michael McLeod wins face-off versus Andrew Copp in PHOENIX MUSTANGS zone.
6:08 of 2nd period - Shot by Michael McLeod.
6:08 of 2nd period - Stopped by Jake Allen without a rebound.
6:09 of 2nd period - Chandler Stephenson wins face-off versus Sam Reinhart in PHOENIX MUSTANGS zone.
6:09 of 2nd period - Chandler Stephenson is hit by Radko Gudas.
6:16 of 2nd period - Minor Penalty to Radko Gudas for Hooking.
6:17 of 2nd period - Jonathan Miller wins face-off versus Chandler Stephenson in PHOENIX MUSTANGS zone.
6:26 of 2nd period - Shot by Chandler Stephenson.
6:26 of 2nd period - Shot Blocked by Jeff Petry.
6:52 of 2nd period - Shot by Chandler Stephenson.
6:52 of 2nd period - Deflect By Pavel Zacha.
6:52 of 2nd period - Shot Misses the Net.
6:54 of 2nd period - Shot by Yanni Gourde.
6:54 of 2nd period - Shot Misses the Net.
8:02 of 2nd period - Shot by Chandler Stephenson.
8:02 of 2nd period - Stopped by Jake Allen without a rebound.
8:03 of 2nd period - Nic Dowd wins face-off versus Mika Zibanejad in PHOENIX MUSTANGS zone.
8:16 of 2nd period - Shot by Mika Zibanejad.
8:16 of 2nd period - Shot Misses the Net.
8:24 of 2nd period - Shot by Samuel Blais.
8:24 of 2nd period - Stopped by Jake Allen without a rebound.
8:25 of 2nd period - Andrew Copp wins face-off versus Michael McLeod in PHOENIX MUSTANGS zone.
8:25 of 2nd period - Andrew Copp is hit by William Carrier.
9:04 of 2nd period - Shot by Andrew Copp.
9:04 of 2nd period - Shot Misses the Net.
9:07 of 2nd period - Icing by Brian Dumoulin.
9:08 of 2nd period - Michael McLeod wins face-off versus Jonathan Miller in PORTLAND PIRATES zone.
9:59 of 2nd period - Shot by Robert Thomas.
9:59 of 2nd period - Shot Misses the Net.
10:09 of 2nd period - Chandler Stephenson is hit by Jordan Martinook.
10:46 of 2nd period - Shot by Jordan Eberle.
10:46 of 2nd period - Stopped by Martin Jones with a rebound.
11:00 of 2nd period - Shot by Jordan Eberle.
11:00 of 2nd period - Shot Blocked by Alec Martinez.
11:02 of 2nd period - Shot by Andrew Copp.
11:02 of 2nd period - Shot Misses the Net.
11:04 of 2nd period - Shot by Jordan Eberle.
11:04 of 2nd period - Stopped by Martin Jones with a rebound.
11:06 of 2nd period - Shot by Ilya Lyubushkin.
11:06 of 2nd period - Stopped by Martin Jones without a rebound.
11:07 of 2nd period - Michael McLeod wins face-off versus Nic Dowd in PORTLAND PIRATES zone.
11:19 of 2nd period - Minor Penalty to Torey Krug for Hooking.
11:20 of 2nd period - Jonathan Miller wins face-off versus Chandler Stephenson in PHOENIX MUSTANGS zone.
11:51 of 2nd period - Shot by Chandler Stephenson.
11:51 of 2nd period - Shot Hit the Post.
12:10 of 2nd period - Icing by Yanni Gourde.
12:11 of 2nd period - Jonathan Miller wins face-off versus Chandler Stephenson in PORTLAND PIRATES zone.
13:28 of 2nd period - Shot by Jordan Eberle.
13:28 of 2nd period - Stopped by Martin Jones with a rebound.
13:50 of 2nd period - Shot by Andrew Copp.
13:50 of 2nd period - Stopped by Martin Jones without a rebound.
13:51 of 2nd period - Nic Dowd wins face-off versus Ryan Donato in PORTLAND PIRATES zone.
14:18 of 2nd period - Shot by Ryan Donato.
14:18 of 2nd period - Shot Blocked by Jeff Petry.
14:20 of 2nd period - Shot by Brett Pesce.
14:20 of 2nd period - Shot Hit the Post.
14:22 of 2nd period - Shot by Nathan Bastian.
14:22 of 2nd period - Shot Misses the Net.
16:02 of 2nd period - Shot by Tyson Jost.
16:02 of 2nd period - Shot Misses the Net.
16:04 of 2nd period - Shot by Joel Armia.
16:04 of 2nd period - Shot Misses the Net.
16:06 of 2nd period - Shot by Tyson Jost.
16:06 of 2nd period - Stopped by Martin Jones with a rebound.
16:08 of 2nd period - Shot by Connor Clifton.
16:08 of 2nd period - Shot Misses the Net.
17:35 of 2nd period - Shot by Robert Thomas.
17:35 of 2nd period - Stopped by Jake Allen without a rebound.
17:36 of 2nd period - Andrew Copp wins face-off versus Ryan Donato in PHOENIX MUSTANGS zone.
18:01 of 2nd period - Erik Karlsson is hit by Samuel Blais and loses puck.
18:06 of 2nd period - Shot by Nathan Bastian.
18:06 of 2nd period - Shot Blocked by Alex Killorn.
18:08 of 2nd period - Shot by Samuel Blais.
18:08 of 2nd period - Goal by Samuel Blais - PHOENIX MUSTANGS : 2 - PORTLAND PIRATES : 3.
18:09 of 2nd period - Chandler Stephenson wins face-off versus Nic Dowd in neutral zone.
18:18 of 2nd period - Shot by Robert Thomas.
18:18 of 2nd period - Shot Misses the Net.
18:20 of 2nd period - Shot by Nick Holden.
18:20 of 2nd period - Stopped by Jake Allen without a rebound.
18:21 of 2nd period - Mika Zibanejad wins face-off versus Jonathan Miller in PHOENIX MUSTANGS zone.
18:33 of 2nd period - Mika Zibanejad is hit by Radko Gudas and loses puck.
18:38 of 2nd period - Shot by Mika Zibanejad.
18:38 of 2nd period - Shot Blocked by Jeff Petry.
18:48 of 2nd period - Shot by Mika Zibanejad.
18:48 of 2nd period - Stopped by Jake Allen with a rebound.
18:50 of 2nd period - Shot by Mika Zibanejad.
18:50 of 2nd period - Stopped by Jake Allen with a rebound.
18:52 of 2nd period - Shot by Brett Pesce.
18:52 of 2nd period - Stopped by Jake Allen without a rebound.
18:53 of 2nd period - Andrew Copp wins face-off versus Chandler Stephenson in PHOENIX MUSTANGS zone.
18:53 of 2nd period - Andrew Copp is hit by Yanni Gourde.
18:54 of 2nd period - Minor Penalty to Yanni Gourde for Hooking.
18:55 of 2nd period - Andrew Copp wins face-off versus Michael McLeod in PORTLAND PIRATES zone.
19:02 of 2nd period - Shot by Jordan Martinook.
19:02 of 2nd period - Shot Misses the Net.
19:04 of 2nd period - Shot by Erik Karlsson.
19:04 of 2nd period - Shot Blocked by Marc Staal.
19:06 of 2nd period - Shot by Torey Krug.
19:06 of 2nd period - Stopped by Martin Jones without a rebound.
19:07 of 2nd period - Jonathan Miller wins face-off versus Michael McLeod in PORTLAND PIRATES zone.
Goals for this period are 0 for PHOENIX MUSTANGS vs 1 for PORTLAND PIRATES.
Shots for this period are 9 for PHOENIX MUSTANGS vs 18 for PORTLAND PIRATES.

3rd period


0:01 of 3rd period - Jonathan Miller wins face-off versus Michael McLeod in neutral zone.
0:04 of 3rd period - Michael McLeod is hit by Alex Killorn and loses puck.
0:47 of 3rd period - Shot by Erik Karlsson.
0:47 of 3rd period - Stopped by Martin Jones without a rebound.
0:48 of 3rd period - Andrew Copp wins face-off versus Samuel Blais in PORTLAND PIRATES zone.
0:55 of 3rd period - Shot by Juuso Parssinen.
0:55 of 3rd period - Stopped by Martin Jones with a rebound.
0:57 of 3rd period - Shot by Jesper Fast.
0:57 of 3rd period - Stopped by Martin Jones without a rebound.
0:58 of 3rd period - Chandler Stephenson wins face-off versus Nic Dowd in PORTLAND PIRATES zone.
1:09 of 3rd period - Shot by Nic Dowd.
1:09 of 3rd period - Stopped by Martin Jones with a rebound.
1:11 of 3rd period - Shot by Nic Dowd.
1:11 of 3rd period - Shot Blocked by Nick Holden.
1:13 of 3rd period - Shot by Nic Dowd.
1:13 of 3rd period - Stopped by Martin Jones without a rebound.
1:14 of 3rd period - Mika Zibanejad wins face-off versus Tyson Jost in PORTLAND PIRATES zone.
1:16 of 3rd period - Icing by Travis Konecny.
1:17 of 3rd period - Mika Zibanejad wins face-off versus Jonathan Miller in PORTLAND PIRATES zone.
1:24 of 3rd period - Shot by Travis Konecny.
1:24 of 3rd period - Shot Misses the Net.
1:44 of 3rd period - Shot by Travis Konecny.
1:44 of 3rd period - Shot Blocked by Erik Karlsson.
1:47 of 3rd period - Icing by Erik Karlsson.
1:48 of 3rd period - Jonathan Miller wins face-off versus Chandler Stephenson in PHOENIX MUSTANGS zone.
1:48 of 3rd period - Jonathan Miller is hit by Yanni Gourde.
2:12 of 3rd period - Shot by Robert Thomas.
2:12 of 3rd period - Shot Misses the Net.
2:23 of 3rd period - Minor Penalty to Yanni Gourde for Hooking.
2:24 of 3rd period - Andrew Copp wins face-off versus Nathan Bastian in PORTLAND PIRATES zone.
2:31 of 3rd period - Shot by Alex Killorn.
2:31 of 3rd period - Stopped by Martin Jones without a rebound.
2:32 of 3rd period - Michael McLeod wins face-off versus Andrew Copp in PORTLAND PIRATES zone.
3:04 of 3rd period - Jordan Eberle is hit by Travis Hamonic and loses puck.
4:25 of 3rd period - Shot by Jordan Eberle.
4:25 of 3rd period - Shot Misses the Net.
4:34 of 3rd period - Off-side.
4:35 of 3rd period - Nic Dowd wins face-off versus Mika Zibanejad in neutral zone.
5:10 of 3rd period - Shot by Pavel Zacha.
5:10 of 3rd period - Stopped by Jake Allen without a rebound.
5:11 of 3rd period - Chandler Stephenson wins face-off versus Tyson Jost in PHOENIX MUSTANGS zone.
5:22 of 3rd period - Shot by Joel Armia.
5:22 of 3rd period - Stopped by Martin Jones without a rebound.
5:23 of 3rd period - Jonathan Miller wins face-off versus Chandler Stephenson in PORTLAND PIRATES zone.
5:45 of 3rd period - Shot by Sam Reinhart.
5:45 of 3rd period - Deflect By Jonathan Miller.
5:45 of 3rd period - Stopped by Martin Jones without a rebound.
5:46 of 3rd period - Mika Zibanejad wins face-off versus Andrew Copp in PORTLAND PIRATES zone.
6:18 of 3rd period - Shot by Mika Zibanejad.
6:18 of 3rd period - Shot Misses the Net.
6:29 of 3rd period - Off-side.
6:30 of 3rd period - Chandler Stephenson wins face-off versus Jonathan Miller in neutral zone.
6:49 of 3rd period - Shot by Robert Thomas.
6:49 of 3rd period - Stopped by Jake Allen with a rebound.
6:51 of 3rd period - Shot by Brett Pesce.
6:51 of 3rd period - Stopped by Jake Allen without a rebound.
6:52 of 3rd period - Nic Dowd wins face-off versus Michael McLeod in PHOENIX MUSTANGS zone.
7:23 of 3rd period - Shot by Ilya Lyubushkin.
7:23 of 3rd period - Stopped by Martin Jones without a rebound.
7:24 of 3rd period - Robert Thomas wins face-off versus Jonathan Miller in PORTLAND PIRATES zone.
7:35 of 3rd period - Shot by Jonathan Miller.
7:35 of 3rd period - Stopped by Martin Jones without a rebound.
7:36 of 3rd period - Andrew Copp wins face-off versus Mika Zibanejad in PORTLAND PIRATES zone.
7:42 of 3rd period - Mika Zibanejad is hit by Jordan Eberle and loses puck.
7:52 of 3rd period - Shot by Brett Pesce.
7:52 of 3rd period - Shot Blocked by Jeff Petry.
7:54 of 3rd period - Shot by Travis Konecny.
7:54 of 3rd period - Shot Blocked by Jordan Eberle.
8:00 of 3rd period - Shot by Travis Konecny.
8:00 of 3rd period - Stopped by Jake Allen without a rebound.
8:01 of 3rd period - Chandler Stephenson wins face-off versus Jonathan Miller in PHOENIX MUSTANGS zone.
8:04 of 3rd period - Shot by Robert Thomas.
8:04 of 3rd period - Stopped by Jake Allen without a rebound.
8:05 of 3rd period - Jonathan Miller wins face-off versus Chandler Stephenson in PHOENIX MUSTANGS zone.
8:36 of 3rd period - Shot by Chandler Stephenson.
8:36 of 3rd period - Stopped by Jake Allen without a rebound.
8:37 of 3rd period - Michael McLeod wins face-off versus Andrew Copp in PHOENIX MUSTANGS zone.
8:37 of 3rd period - Travis Hamonic is hit by Radko Gudas and loses puck.
9:36 of 3rd period - Robert Thomas is hit by Erik Karlsson and loses puck.
9:41 of 3rd period - Shot by Chandler Stephenson.
9:41 of 3rd period - Stopped by Jake Allen without a rebound.
9:42 of 3rd period - Jonathan Miller wins face-off versus Mika Zibanejad in PHOENIX MUSTANGS zone.
9:46 of 3rd period - Erik Karlsson is hit by Marc Staal and loses puck.
9:55 of 3rd period - Shot by Jonathan Miller.
9:55 of 3rd period - Stopped by Martin Jones without a rebound.
9:56 of 3rd period - Chandler Stephenson wins face-off versus Juuso Parssinen in PORTLAND PIRATES zone.
9:56 of 3rd period - Chandler Stephenson is hit by Nic Dowd.
10:14 of 3rd period - Shot by Chandler Stephenson.
10:14 of 3rd period - Stopped by Jake Allen without a rebound.
10:15 of 3rd period - Jonathan Miller wins face-off versus Mika Zibanejad in PHOENIX MUSTANGS zone.
10:15 of 3rd period - Sam Reinhart is hit by Travis Konecny.
10:16 of 3rd period - Minor Penalty to Travis Konecny for High sticking.
10:17 of 3rd period - Jonathan Miller wins face-off versus Michael McLeod in PORTLAND PIRATES zone.
10:24 of 3rd period - Shot by Jonathan Miller.
10:24 of 3rd period - Deflect By Alex Killorn.
10:24 of 3rd period - Stopped by Martin Jones without a rebound.
10:25 of 3rd period - Jonathan Miller wins face-off versus Michael McLeod in PORTLAND PIRATES zone.
10:26 of 3rd period - Shot by Erik Karlsson.
10:26 of 3rd period - Shot Misses the Net.
11:00 of 3rd period - Shot by Erik Karlsson.
11:00 of 3rd period - Stopped by Martin Jones with a rebound.
11:08 of 3rd period - Shot by Alex Killorn.
11:08 of 3rd period - Stopped by Martin Jones without a rebound.
11:09 of 3rd period - Andrew Copp wins face-off versus Yanni Gourde in PORTLAND PIRATES zone.
11:52 of 3rd period - Shot by Andrew Copp.
11:52 of 3rd period - Shot Misses the Net.
11:54 of 3rd period - Shot by Connor Clifton.
11:54 of 3rd period - Stopped by Martin Jones without a rebound.
11:55 of 3rd period - Jonathan Miller wins face-off versus Michael McLeod in PORTLAND PIRATES zone.
13:38 of 3rd period - Shot by Travis Konecny.
13:38 of 3rd period - Shot Misses the Net.
14:14 of 3rd period - Icing by Brett Pesce.
14:15 of 3rd period - Andrew Copp wins face-off versus Mika Zibanejad in PORTLAND PIRATES zone.
14:35 of 3rd period - Brian Dumoulin is hit by Alex Killorn.
14:39 of 3rd period - Brian Dumoulin is hit by Alex Killorn and loses puck.
15:48 of 3rd period - Shot by Sam Reinhart.
15:48 of 3rd period - Shot Blocked by Brian Dumoulin.
15:54 of 3rd period - Shot by Jonathan Miller.
15:54 of 3rd period - Stopped by Martin Jones without a rebound.
15:55 of 3rd period - Robert Thomas wins face-off versus Nic Dowd in PORTLAND PIRATES zone.
15:55 of 3rd period - Robert Thomas is hit by Juuso Parssinen.
16:08 of 3rd period - Icing by Nic Dowd.
16:09 of 3rd period - Mika Zibanejad wins face-off versus Nic Dowd in PHOENIX MUSTANGS zone.
16:10 of 3rd period - Shot by Pavel Zacha.
16:10 of 3rd period - Shot Misses the Net.
16:17 of 3rd period - Icing by Brett Pesce.
16:18 of 3rd period - Pavel Zacha wins face-off versus Andrew Copp in PORTLAND PIRATES zone.
16:29 of 3rd period - Jordan Eberle is hit by Travis Konecny and loses puck.
16:35 of 3rd period - Icing by Alex Killorn.
16:36 of 3rd period - Andrew Copp wins face-off versus Chandler Stephenson in PHOENIX MUSTANGS zone.
16:36 of 3rd period - Andrew Copp is hit by Yanni Gourde.
16:45 of 3rd period - Minor Penalty to Robert Thomas for Boarding.
16:46 of 3rd period - Jonathan Miller wins face-off versus Michael McLeod in PORTLAND PIRATES zone.
18:00 of 3rd period - Shot by Jordan Eberle.
18:00 of 3rd period - Stopped by Martin Jones with a rebound.
18:02 of 3rd period - Shot by Jeff Petry.
18:02 of 3rd period - Stopped by Martin Jones without a rebound.
18:03 of 3rd period - Yanni Gourde wins face-off versus Andrew Copp in PORTLAND PIRATES zone.
18:13 of 3rd period - Icing by Jordan Eberle.
18:14 of 3rd period - Andrew Copp wins face-off versus Yanni Gourde in PHOENIX MUSTANGS zone.
18:21 of 3rd period - Brian Dumoulin is hit by Connor Clifton and loses puck.
19:04 of 3rd period - Shot by Travis Konecny.
19:04 of 3rd period - Stopped by Jake Allen with a rebound.
Goals for this period are 0 for PHOENIX MUSTANGS vs 0 for PORTLAND PIRATES.
Shots for this period are 18 for PHOENIX MUSTANGS vs 9 for PORTLAND PIRATES.


BLAKE
WHEELER
STEVEN
STAMKOS
DREW
DOUGHTY

EAST COAST

HOCKEY LEAGUE

  • 63.RHI2PIT5
  • 64.WOR4ATL3
  • 65.QUECHW
  • 66.CHATRV